 Dungeon Crawl Stone Soup version 0.26-a0-665-gefeb406119 (webtiles) character file.

Game seed: 17151668982532232984

74 Whiskey the Shooter (level 4, 0/24 HPs)
             Began as a Deep Elf Arcane Marksman on Oct 15, 2020.
             Succumbed to an adder's poison
             ... on level 2 of the Dungeon.
             The game lasted 00:04:04 (1437 turns).

Whiskey the Shooter (Deep Elf Arcane Marksman)      Turns: 1437, Time: 00:04:05

Health: 0/24       AC:  5    Str:  8    XL:     4   Next: 10%
Magic:  17/17      EV: 13    Int: 18    God:
Gold:   87         SH:  0    Dex: 15    Spells: 3/6 levels left

rFire    . . .     SeeInvis .   a - +0 shortbow
rCold    . . .     Faith    .   (shield currently unavailable)
rNeg     . . .     Spirit   .   e - +0 robe
rPois    .         Reflect  .   (no helmet)
rElec    .         Harm     .   (no cloak)
rCorr    .         Rampage  .   (no gloves)
MR       .....                  j - +2 pair of boots {run}
Stlth    +.........             (no amulet)
HPRegen  0.08/turn              f - ring of magical power {MP+9}
MPRegen  0.15/turn              (no ring)

@: lethally poisoned (0 -> -5), quick
A: no striking features
a: no special abilities


You were on level 2 of the Dungeon.
You visited 1 branch of the dungeon, and saw 2 of its levels.

You collected 87 gold pieces.

Inventory:

Hand Weapons
 a - a +0 shortbow (weapon)
 l - a +0 vorpal spear
   (You found it on level 1 of the Dungeon)
Missiles
 d - 56 arrows (quivered)
Armour
 e - a +0 robe (worn)
 j - a +2 pair of boots of running (worn)
   (You found it on level 1 of the Dungeon)
Jewellery
 c - an uncursed ring of fire {rF+, rC-}
   (You found it on level 1 of the Dungeon)
 f - a ring of magical power (left hand) {MP+9}
   (You found it on level 1 of the Dungeon)
Wands
 m - a wand of flame (9)
   (You took it off Jessica on level 2 of the Dungeon)
Scrolls
 b - a scroll of identify {unknown}
 h - 2 scrolls of teleportation {unknown}
 i - a scroll of remove curse {unknown}
Potions
 g - a potion of stabbing {unknown}
 k - a potion of degeneration {unknown}
 n - a potion of lignification {unknown}


   Skills:
 - Level 0.7 Fighting
 * Level 5.1 Bows
 - Level 2.4 Dodging
 - Level 1.5 Spellcasting
 + Level 5.0 Hexes


You had 3 spell levels left.
You knew the following spells:

 Your Spells              Type           Power        Failure   Level
s - Slow                  Hex            ###.....     3%          2
v - Corona                Hex            ###....      2%          1

Your spell library contained the following spells:

 Spells                   Type           Power        Failure   Level
 Inner Flame              Hex/Fire       ##......     21%         3
 Portal Projectile        Hex/Tloc       ##....       21%         3
 Cause Fear               Hex            ###.......   24%         4
 Leda's Liquefaction      Hex/Erth       ##........   56%         4


Dungeon Overview and Level Annotations

Branches:
Dungeon (2/15)

Altars:


Message History

Jessica blinks!
The teleport trap disappears.
Jessica disappears!
Jessica is nearby!
You regained 3 hp, and now have 19/20 hp.
You shoot an arrow. The arrow hits Jessica.
You kill Jessica!
No target in view!
d - 42 arrows (gained 1)
d - 43 arrows (gained 1)
d - 45 arrows (gained 2)
m - a wand of flame (9);
n - a fuming coppery potion You see here a +0 robe.
Health restored: 20
d - 46 arrows (gained 1)
d - 47 arrows (gained 1)
d - 48 arrows (gained 1)
Found a stone staircase leading up.
d - 71 arrows (gained 23)
A kobold comes into view. It is wielding a +0 club.
The kobold shouts!
You hear an angry hiss.
A leopard gecko skeleton comes into view.
You shoot an arrow. The arrow hits the kobold.
You kill the kobold!
An adder comes into view.
You shoot an arrow.
The arrow hits the leopard gecko skeleton.
You shoot an arrow.
The arrow hits the leopard gecko skeleton.
You destroy the leopard gecko skeleton!
Your Bows skill increases to level 5!
You shoot an arrow. The arrow hits the adder!
You shoot an arrow. The arrow hits the adder.
You kill the adder!
Your Hexes skill increases to level 5!
You have reached level 4!
You feel clever.
Health restored: 24; MP restored: 17
h - 2 scrolls labeled ROSTRI ZOOREO (gained 1)
d - 67 arrows (gained 1)
Things that are here:
a +0 club; a kobold corpse
d - 68 arrows (gained 1)
You see here an adder corpse.
d - 69 arrows (gained 1)
d - 70 arrows (gained 1)
d - 71 arrows (gained 1)
You open the door.
An adder comes into view.
You shoot an arrow. The arrow hits the adder.
You shoot an arrow. The arrow hits the adder.
You shoot an arrow. The arrow closely misses the adder.
You shoot an arrow. The arrow barely misses the adder.
The adder bites you.
You are poisoned.
The adder poisons you!
You take 3 damage, and have 21/24 hp.
You shoot an arrow. The arrow closely misses the adder.
You feel sick. The adder misses you.
You take 1 damage, and have 20/24 hp.
You shoot an arrow. The arrow barely misses the adder.
The adder bites you. x2
You take 2 damage, and have 18/24 hp.
You shoot an arrow. The arrow hits the adder.
You feel sick. The adder bites you.
You are more poisoned.
The adder poisons you!
You take 4 damage, and have 14/24 hp.
You shoot an arrow. The arrow closely misses the adder.
You feel sick. The adder misses you.
You take 1 damage, and have 13/24 hp.
You shoot an arrow. The arrow closely misses the adder.
The adder bites you but does no damage.
You shoot an arrow. The arrow hits the adder.
You feel sick. The adder closely misses you. The adder completely misses you.
You take 1 damage, and have 12/24 hp.
You are too injured to fight recklessly!
You are too injured to fight recklessly!
You are too injured to fight recklessly!
Firing (i - inventory)
d - 61 arrows (quivered)
Aim: an adder (severely wounded)
You shoot an arrow. The arrow misses the adder.
You feel sick. The adder bites you but does no damage.
You take 1 damage, and have 11/24 hp.
Firing (i - inventory)
d - 60 arrows (quivered)
Aim: an adder (severely wounded)
You shoot an arrow. The arrow barely misses the adder.
The adder closely misses you.
Firing (i - inventory)
d - 59 arrows (quivered)
Aim: an adder (severely wounded)
You shoot an arrow. The arrow completely misses the adder.
You feel sick. The adder closely misses you. The adder bites you.
You take 3 damage, and have 8/24 hp.
Firing (i - inventory)
d - 58 arrows (quivered)
Aim: an adder (severely wounded)
You shoot an arrow. The arrow hits the adder.
The adder bites you.
* * * LOW HITPOINT WARNING * * *
You take 5 damage, and have 3/24 hp.
MASSIVE DAMAGE!!
Firing (i - inventory)
d - 57 arrows (quivered)
Aim: an adder (almost dead)
You shoot an arrow. The arrow barely misses the adder.
The adder bites you.
* * * LOW HITPOINT WARNING * * *
You take 2 damage, and have 1/24 hp.
You die...

.. .# #. ..# .
#####.# ####..#.#
....... .........
.......###.....#
........##.....#.#
......#'##........
...........###..##
####..@S..# #
#..(...#
.#.#####.(.†..# #
.........()...# ..
...........(..# .#
........(###+####..#
...................#
...............##.##.
...#####.............


You could see an adder.

Vanquished Creatures
  Jessica (D:2)
  An adder (D:2)
  A dart slug (D:1)
  2 leopard geckos (D:1)
  5 bats (D:1)
  3 giant cockroaches (D:1)
  5 goblins
  3 hobgoblins (D:1)
  6 kobolds
  A ball python (D:1)
  A frilled lizard (D:1)
  A leopard gecko skeleton (D:2)
  6 rats (D:1)
36 creatures vanquished.

Notes
Turn   | Place    | Note
-------+----------+-------------------------------------------
     0 | D:1      | Whiskey the Deep Elf Arcane Marksman began the quest for
                  | the Orb.
     0 | D:1      | Reached XP level 1. HP: 11/11 MP: 5/5
    52 | D:1      | Reached skill level 3 in Bows
   167 | D:1      | Reached XP level 2. HP: 16/16 MP: 6/6
   432 | D:1      | Reached skill level 4 in Bows
   705 | D:1      | Reached XP level 3. HP: 20/20 MP: 7/7
   715 | D:1      | Identified a +2 pair of boots of running (You found it on
                  | level 1 of the Dungeon)
  1248 | D:1      | Learned a level 2 spell: Slow
  1285 | D:2      | Noticed Jessica
  1347 | D:2      | Killed Jessica
  1401 | D:2      | Reached skill level 5 in Bows
  1403 | D:2      | Reached skill level 5 in Hexes
  1403 | D:2      | Reached XP level 4. HP: 24/24 MP: 8/8
  1435 | D:2      | HP: 3/24 [adder (5)]
  1436 | D:2      | HP: 1/24 [adder (3)]
  1437 | D:2      | Succumbed to an adder's poison

Illustrated notes

Levels and vault maps discovered:
D:1:      minmay_arrival_stone_box, layout_basic
D:2:      layout_basic, uniq_jessica

Skill      XL: |  1  2  3 |
---------------+----------+-----
Bows           | 3 4 5 |  5.1
Hexes          | 5 |  5.0
Fighting       | |  0.7
Dodging        | |  2.4
Spellcasting   | |  1.5

Action                   |  1- 3 |  4- 6 || total
-------------------------+-------+-------++-------
 Fire: Shortbow          |   116 |    15 ||   131
Armor: Robe              |    10 |     2 ||    12
Dodge: Dodged            |    30 |     6 ||    36

Table legend: (Time is in decaauts)
 A = Elapsed time spent in this place.
 B = Non-inter-level travel time spent in this place.
 C = Inter-level travel time spent in this place.
 D = Time resting spent in this place.
 E = Time spent auto-exploring this place.
 F = Levels seen in this place.
 G = Mean time per level.
                   A        B        C        D        E       F      G
               +--------+--------+--------+--------+--------+-----+--------+
         Total |   1397 |   1373 |     24 |      0 |   1138 |   2 |  698.5 |
       Dungeon |   1397 |   1373 |     24 |      0 |   1138 |   2 |  698.5 |
               +--------+--------+--------+--------+--------+-----+--------+

Top non-repeatable levels by time:
     D:1: 1214 daAuts
     D:2: 182 daAuts

Table legend:
 A = Kills in this place as a percentage of kills in entire the game.
 B = Kills by you in this place as a percentage of kills by you in the entire game.
 C = Kills by friends in this place as a percentage of kills by friends in the entire game.
 D = Other kills in this place as a percentage of other kills in the entire game.
 E = Experience gained in this place as a percentage of experience gained in the entire game.
 F = Experience gained in this place divided by the number of levels of this place that you have seen.
                   A       B       C       D       E      F
               +-------+-------+-------+-------+-------+----------------------
         Total | 100.0 | 100.0 |   N/A |   N/A | 100.0 |  53.5
       Dungeon | 100.0 | 100.0 |   N/A |   N/A | 100.0 |  53.5
               +-------+-------+-------+-------+-------+----------------------
